 Dungeon Crawl Stone Soup version 0.31-a0-252-gc4385922b5 (webtiles) character file.

Game seed: 624778868872229307

24 qw the Shooter (level 2, -1/24 HPs)
             Began as a Minotaur Hexslinger on July 12, 2023.
             Slain by a goblin
             ... wielding a +0 dagger
             ... led by Robin
              (5 damage)
             ... on level 2 of the Dungeon.
             The game lasted 00:00:11 (604 turns).

qw the Shooter (Minotaur Hexslinger)                 Turns: 604, Time: 00:00:12

Health: -1/24      AC:  2    Str: 12    XL:     2   Next: 79%
Magic:  2/2        EV: 12    Int: 10    God:
Gold:   13         SH:  0    Dex: 12    Spells: 2/3 levels left

rFire   . . .        a - +1 sling
rCold   . . .        (no shield)
rNeg    . . .        c - +0 robe
rPois   .            (helmet restricted)
rElec   .            (no cloak)
rCorr   .            (no gloves)
SInv    .            (no boots)
Will    .....        (no amulet)
Stlth   +            (no ring)
HPRegen 0.24/turn    (no ring)
MPRegen 0.08/turn

%: no passive effects
@: no status effects
A: horns 2, retaliatory headbutt
a: no special abilities


You were on level 2 of the Dungeon.
You visited 1 branch of the dungeon, and saw 2 of its levels.

You collected 13 gold pieces.


Innate Abilities, Weirdness & Mutations

You have a pair of horns on your head.
You reflexively headbutt those who attack you in melee.


   Skills:
 - Level 2.0 Fighting
 + Level 3.4 Ranged Weapons
 - Level 2.1 Dodging
 - Level 1.0 Spellcasting
 - Level 2.0 Hexes


You had 2 spell levels left.
You knew the following spells:

 Your Spells              Type           Power      Damage    Failure   Level
a - Slow                  Hex            16%        N/A       16%         1

Your spell library contained the following spells:

 Spells                   Type           Power      Damage    Failure   Level
 Inner Flame              Hex/Fire       2%         N/A       56%         3
 Portal Projectile        Hex/Tloc       4%         N/A       56%         3
 Cause Fear               Hex            2%         N/A       83%         4

Inventory:

Hand Weapons
 a - a +1 sling (weapon)
Armour
 c - a +0 robe (worn)
 e - a +0 leather armour
 f - a +0 ring mail
Jewellery
 h - a ring of resist corrosion
 i - an amulet of magic regeneration
Scrolls
 b - a scroll of poison
 d - a scroll of teleportation {unknown}
Potions
 g - a potion of curing {unknown}

Dungeon Overview and Level Annotations

Branches:
Dungeon (1/15)

Altars:

Shops:
D:1 !

Annotations:
D:2 Robin


Message History

You kill the goblin!
The hobgoblin hits you.
You shoot a sling bullet. The sling bullet hits the hobgoblin.
The hobgoblin is almost dead.
The hobgoblin hits you but does no damage.
You shoot a sling bullet. The sling bullet hits the hobgoblin.
You kill the hobgoblin!
You shoot a sling bullet.
The sling bullet closely misses the goblin.
Robin of the Strong Arm comes into view.
They are wielding a +0 club.
A goblin comes into view. It is wielding a +0 dagger.
A goblin comes into view. It is wielding a +0 club.
You shoot a sling bullet. The sling bullet misses the goblin.
Robin shouts!
The goblin shouts! x2
The goblin hits you with a +0 dagger.
A goblin comes into view. It is wielding a +0 dagger. x2
You shoot a sling bullet. The goblin shouts! x2
The sling bullet hits the goblin.
You kill the goblin!
The goblin closely misses you. Robin throws the goblin at you!
You shoot a sling bullet. The sling bullet hits the goblin.
The goblin is heavily wounded.
The goblin misses you.
A hobgoblin comes into view.
The goblin hits you with a +0 dagger.
Robin roars a battlecry!
The goblins go into a battle-frenzy!
You shoot a sling bullet. The hobgoblin shouts!
The sling bullet hits the goblin.
You kill the goblin!
You shoot a sling bullet.
The sling bullet completely misses the goblin.
The goblin hits you with a +0 dagger. x2; Robin throws the goblin at you!
The goblin barely misses you.
You shoot a sling bullet. The sling bullet hits Robin.
Robin is moderately wounded.
Robin throws the goblin at you! The goblin hits you with a +0 dagger.
You die...

..# .. ). #.# . .$ #.#
#.#. #.# ##### ## #.#.
#.# #...# ...#..g####.#
###...###
............###.......#
#..gg).............#
#..g@..............#
#$.#gg......##...### #.
#.######.##...# .. ...#
#.###..# .# ..### #.#
#..# ? .... #.# #...
... #.# #.### ### #..
###


You could see Robin, a hobgoblin (strong) and 4 goblins.

Vanquished Creatures
  A ball python (D:1)
  9 goblins
  4 hobgoblins
  A bat (D:1)
  3 frilled lizards (D:1)
  A kobold (D:1)
  3 rats
22 creatures vanquished.

Notes
Turn   | Place    | Note
-------+----------+-------------------------------------------
     0 | D:1      | qw the Minotaur Hexslinger began the quest for the Orb.
     0 | D:1      | Reached XP level 1. HP: 16/16 MP: 1/1
     0 | D:1      | 0 ||| qw: Version: 0.3-a-52-g30416fa
     0 | D:1      | 0 ||| qw: Game counter: 6637
     0 | D:1      | 0 ||| qw: Melee chars always use a shield: true
     0 | D:1      | 0 ||| qw: God list: Okawaru
     0 | D:1      | 0 ||| qw: Allow faded altars: false
     0 | D:1      | 0 ||| qw: Do Orc after clearing Dungeon:15 true
     0 | D:1      | 0 ||| qw: Do second Lair branch before Depths: true
     0 | D:1      | 0 ||| qw: Lair rune preference: random
     0 | D:1      | 0 ||| qw: Goals: Normal
     0 | D:1      | 0 ||| PLANNING D:1-11
   117 | D:1      | Found Kaegg's Distillery.
   123 | D:1      | 123 ||| SHOPLISTING potion of cancellation (96 gold, have
                  | 11).
   123 | D:1      | 123 ||| SHOPLISTING potion of curing (36 gold, have 11).
   123 | D:1      | 123 ||| SHOPLISTING potion of haste (120 gold, have 11).
   123 | D:1      | 123 ||| SHOPLISTING potion of might (48 gold, have 11).
   181 | D:1      | Reached skill level 3 in Ranged Weapons
   181 | D:1      | Reached XP level 2. HP: 23/23 MP: 2/2
   565 | D:1      | You fall into a shaft and drop 1 floor!
   598 | D:2      | Noticed Robin
   603 | D:2      | HP: 4/24 [goblin/+0 dagger[Robin] (3)]
   604 | D:2      | Slain by a goblin

Levels and vault maps discovered:
D:1:      psy_arrival_radial01, layout_loops_corners, serial_shops, shop,
          minmay_domino_4
D:2:      layout_loops_ring, basic_altar, nicolae_figureground_pulse, uniq_robin

Skill      XL: |  1  2 |
---------------+-------+-----
Ranged Weapons | 3 |  3.4
Fighting       | 2 |  2.0
Dodging        | |  2.1
Spellcasting   | |  1.0
Hexes          | |  2.0

Action                     || total
---------------------------++-------
   Fire: Sling             ||    48
 Armour: Robe              ||     3
  Dodge: Dodged            ||    13

Table legend:
 A = Non-vault XP
 B = Vault XP
 C = Vault XP percentage of total XP
 D = Non-vault monster count
 E = Vault monster count
 F = Vault count percentage of total count
                 A         B        C        D         E       F
            +---------+---------+-------+---------+---------+-------
      Total |      18 |      17 |  48.6 |      12 |      10 |  45.5
            +---------+---------+-------+---------+---------+-------
        D:1 |      17 |       3 |  15.0 |      11 |       3 |  21.4
        D:2 |       1 |      14 |  93.3 |       1 |       7 |  87.5
            +---------+---------+-------+---------+---------+-------
